 Dungeon Crawl Stone Soup version 0.27-a0-594-g2aaa8dbbc2 (webtiles) character file.

Game seed: 8550563508421782198

417 ReteAZ the Covered (level 6, -8/39 HPs)
             Began as a Gargoyle Fighter on Mar 11, 2021.
             Mangled by Sigmund
             ... wielding a +0 scythe
              (10 damage)
             ... on level 4 of the Dungeon.
             The game lasted 00:02:11 (3468 turns).

ReteAZ the Covered (Gargoyle Fighter)               Turns: 3468, Time: 00:02:11

Health: -8/39      AC: 12    Str: 21    XL:     6   Next: 92%
Magic:  6/6        EV:  7    Int:  9    God:
Gold:   163        SH:  9    Dex:  9    Spells: 5/5 levels left

rFire    . . .     SeeInvis .   a - +0 war axe
rCold    . . .     Faith    .   c - +0 kite shield
rNeg     + . .     Spirit   .   b - +0 scale mail
rPois    ∞         Reflect  .   (no helmet)
rElec    +         Harm     .   (no cloak)
rCorr    .         Rampage  .   p - +0 pair of gloves
Will     .....                  (no boots)
Stlth    ..........             (no amulet)
HPRegen  0.13/turn              (no ring)
MPRegen  0.10/turn              (no ring)

@: no status effects
A: negative energy resistance 1, electricity resistance, torment resistance 1,
unbreathing 1, petrification resistance, AC +4
a: no special abilities


You were on level 4 of the Dungeon.
You visited 1 branch of the dungeon, and saw 4 of its levels.

You collected 163 gold pieces.

Inventory:

Hand Weapons
 a - a +0 war axe (weapon)
Armour
 b - a +0 scale mail (worn)
 c - a +0 kite shield (worn)
 p - a +0 pair of gloves (worn)
Wands
 m - a wand of polymorph (10)
Scrolls
 e - a scroll of random uselessness {unknown}
 h - a scroll of enchant weapon {unknown}
 i - 2 scrolls of identify {unknown}
 l - a scroll of fear {unknown}
 n - a scroll of teleportation {unknown}
 r - a scroll of amnesia {unknown}
Potions
 d - a potion of might
 f - a potion of curing {unknown}
 g - 2 potions of attraction {unknown}
 j - a potion of magic {unknown}
 k - a potion of flight {unknown}
 o - a potion of mutation {unknown}
 q - a potion of berserk rage {unknown}


   Skills:
 + Level 4.6 Fighting
 * Level 4.3 Axes
 + Level 4.7 Armour
 + Level 4.7 Shields


You had 5 spell levels left.
You didn't know any spells.
Your spell library was empty.

Dungeon Overview and Level Annotations

Branches:
Dungeon (4/15)
 Temple: D:4-7

Altars:
Elyvilon

Annotations:
D:4 Sigmund


Innate Abilities, Weirdness & Mutations

Your stone body is resilient. (AC +4)
You are immune to poison.
You resist negative energy. (rN+)
You are resistant to electric shocks. (rElec)
You are resistant to unholy torment.
You can survive without breathing.
You are immune to petrification.


Message History

No target in view!
No target in view!
No target in view!
No target in view!
You slash something! Something hits you but does no damage.
You slash something! Something completely misses you.
You closely miss something. You block something's attack.
You barely miss something. Something hits you but does no damage.
You completely miss something. Something hits you!
You barely miss something. Something hits you but does no damage.
You miss something. Something hits you.
You closely miss something. Something hits you but does no damage.
You hit something. Something hits you but does no damage.
You miss something. Something hits you but does no damage.
You miss something. Something hits you but does no damage.
You miss something. Something hits you but does no damage.
You barely miss something. Something hits you but does no damage.
You closely miss something. Something hits you but does no damage.
You miss something. You block something's attack.
You hit something. Something hits you.
You barely miss something.
You hear some strange, mumbled words.
A puff of flame appears from out of thin air!
The puff of flame hits you but does no damage.
You barely miss something. Something hits you but does no damage.
You closely miss something. Something hits you!
* * * LOW HITPOINT WARNING * * *
Your shield prevents you from hitting something.
Something hits you but does no damage.
You miss something. Something hits you.
* * * LOW HITPOINT WARNING * * *
You hit something. Something hits you but does no damage.
You miss something. Something hits you.
* * * LOW HITPOINT WARNING * * *
You closely miss something. Something hits you.
* * * LOW HITPOINT WARNING * * *
You hit something. Something hits you but does no damage.
You barely miss something. Something completely misses you.
You closely miss something. Something hits you!
You die...

#### #...
###...###
#.......#
......{.#
.......@#
###...#.# #..
#.##############
#.
#..............#
#
##############.#
#.# #.# ##.##
#####...##


There were no monsters in sight!

Vanquished Creatures
  A howler monkey (D:3)
  A bullfrog zombie (D:2)
  2 worker ants (D:4)
  Natasha (thrice) (D:2)
  3 orc wizards
  5 adders
  An ooze (D:1)
  3 worms (D:2)
  2 dart slugs (D:2)
  3 leopard geckos (D:2)
  6 orcs
  A ball python (D:1)
  8 bats
  2 giant cockroaches (D:3)
  11 goblins
  10 hobgoblins
  5 jackals (D:2)
  8 kobolds
  2 quokkas
  4 frilled lizards
  6 rats
87 creatures vanquished.

Notes
Turn   | Place    | Note
-------+----------+-------------------------------------------
     0 | D:1      | ReteAZ the Gargoyle Fighter began the quest for the Orb.
     0 | D:1      | Reached XP level 1. HP: 14/14 MP: 1/1
   160 | D:1      | Reached XP level 2. HP: 18/19 MP: 2/2
   392 | D:1      | Reached XP level 3. HP: 23/23 MP: 3/3
   995 | D:2      | Reached XP level 4. HP: 27/29 MP: 4/4
  1009 | D:2      | Noticed Natasha
  1020 | D:2      | Killed Natasha
  1082 | D:2      | Noticed Natasha
  1089 | D:2      | Killed Natasha
  1172 | D:2      | Reached XP level 5. HP: 27/33 MP: 5/5
  1354 | D:2      | Noticed Natasha
  1363 | D:2      | Killed Natasha
  2031 | D:3      | Reached XP level 6. HP: 7/39 MP: 6/6
  2626 | D:3      | Found a white marble altar of Elyvilon.
  3437 | D:4      | Noticed Sigmund
  3468 | D:4      | Mangled by Sigmund

Illustrated notes

Levels and vault maps discovered:
D:1:      saegor_arrival_simple_e, layout_basic
D:2:      layout_basic, uniq_natasha
D:3:      layout_loops_corners, old_standard_altar
D:4:      minmay_door_path, layout_loops_ring, chequers_serial_rivers_small_3,
          uniq_sigmund

Skill      XL: |  1  2  3  4  5  6 |
---------------+-------------------+-----
Axes           | 2 3 4 |  4.3
Shields        | 4 |  4.7
Fighting       | 4 |  4.6
Armour         | 4 |  4.7

Action                   |  1- 3 |  4- 6 || total
-------------------------+-------+-------++-------
Melee: War axe           |   128 |   243 ||   371
Armor: Scale mail        |   112 |   154 ||   266
Dodge: Dodged            |    46 |    66 ||   112
Block: Kite shield       |    84 |   116 ||   200

Table legend: (Time is in decaauts)
 A = Elapsed time spent in this place.
 B = Non-inter-level travel time spent in this place.
 C = Inter-level travel time spent in this place.
 D = Time resting spent in this place.
 E = Time spent auto-exploring this place.
 F = Levels seen in this place.
 G = Mean time per level.
                   A        B        C        D        E       F      G
               +--------+--------+--------+--------+--------+-----+--------+
         Total |   3694 |   3651 |     43 |      0 |   2849 |   4 |  923.5 |
       Dungeon |   3694 |   3651 |     43 |      0 |   2849 |   4 |  923.5 |
               +--------+--------+--------+--------+--------+-----+--------+

Top non-repeatable levels by time:
     D:2: 1387 daAuts
     D:3: 1207 daAuts
     D:1: 718 daAuts
     D:4: 381 daAuts
